 Dungeon Crawl Stone Soup version 0.24-a0-441-g27f0392e16 (webtiles) character file.

Game seed: 4111508474488493599

9 Iscandelvey the Charmwright (level 2, 16/22 HPs)
             Began as a Demonspawn Skald on June 19, 2019.
             Quit the game on level 1 of the Dungeon.
             The game lasted 00:00:15 (241 turns).

Iscandelvey the Charmwright (Demonspawn Skald)       Turns: 241, Time: 00:00:16

Health: 16/22      AC:  3    Str: 11    XL:     2   Next: 3%
Magic:  5/5        EV: 14    Int: 14    God:
Gold:   8          SH:  0    Dex: 12    Spells: 4/5 levels left

rFire    . . .     SeeInvis .   a - +0 spear
rCold    . . .     Gourm    .   (no shield)
rNeg     . . .     Faith    .   b - +0 leather armour
rPois    .         Spirit   .   (no helmet)
rElec    .         Reflect  .   (no cloak)
rCorr    .         Harm     .   (no gloves)
MR       .....                  (no boots)
Stlth    +.........             (no amulet)
HPRegen  0.07/turn              (no ring)
MPRegen  0.09/turn              (no ring)

@: no status effects
A: repulsion field 1
a: no special abilities


You were on level 1 of the Dungeon.
You were not hungry.

You visited 1 branch of the dungeon, and saw 1 of its levels.

You collected 8 gold pieces.

Inventory:

Hand Weapons
 a - a +0 spear (weapon)
Armour
 b - a +0 leather armour (worn)
Scrolls
 c - a scroll of identify {unknown}
 e - a scroll of remove curse {unknown}
 f - a scroll of random uselessness {unknown}
Comestibles
 d - 2 rations


   Skills:
 + Level 2.0 Fighting
 + Level 1.7 Polearms
 + Level 0.8 Armour
 + Level 1.8 Dodging
 + Level 2.1 Spellcasting
 + Level 3.1 Charms


You had 4 spell levels left.
You knew the following spells:

 Your Spells              Type           Power        Failure   Level  Hunger
a - Infusion              Chrm           ##..         9%          1    ##.....

Your spell library contained the following spells:

 Spells                   Type           Power        Failure   Level  Hunger
 Song of Slaying          Chrm           ##......     13%         2    ###....
 Shroud of Golubria       Chrm/Tloc      #.....       24%         2    ###....
 Regeneration             Chrm/Necr      #.........   43%         3    ####...
 Spectral Weapon          Hex/Chrm       #.......     43%         3    ####...


Dungeon Overview and Level Annotations

Branches:
Dungeon (1/15)

Altars:


Innate Abilities, Weirdness & Mutations

You are surrounded by a mild repulsion field. (EV +2)


Message History

A hobgoblin is nearby!
You hit the hobgoblin but do no damage. The hobgoblin barely misses you.
A hobgoblin is nearby!
You hit the hobgoblin but do no damage. The hobgoblin barely misses you.
A hobgoblin is nearby!
You closely miss the hobgoblin. The hobgoblin closely misses you.
You hit the hobgoblin but do no damage. The hobgoblin closely misses you.
A hobgoblin is nearby!
You hit the hobgoblin but do no damage. The hobgoblin closely misses you.
A hobgoblin is nearby!
You hit the hobgoblin.
The hobgoblin is moderately wounded.
The hobgoblin closely misses you.
A hobgoblin is nearby!
You hit the hobgoblin.
You kill the hobgoblin!
You have reached level 2!
Your demonic ancestry asserts itself...
You begin to radiate repulsive energy.
Are you sure you want to abandon this character and quit the game? (Confirm with "yes".)

#.## ##.## . ##.##
. ##.## #####.
##.## #.... ##.##
#...# ##########
##.## #...#.#
#........# ##.#
#.†$#.####........#
##.##
#.@.#.............#
##.##
#...#.............#
##.##
#...#.............#
##.##
#.###.....†.......#
##.##
#.###.........#
#.##
#....>........#
##.##
#####.........#####
##.##
#..................
##.##
#.###.....######...


There were no monsters in sight!

Vanquished Creatures
  A dart slug (D:1)
  A hobgoblin (D:1)
  A bat (D:1)
  2 goblins (D:1)
  A kobold (D:1)
  2 rats (D:1)
8 creatures vanquished.

Notes
Turn   | Place    | Note
-------+----------+-------------------------------------------
     0 | D:1      | Iscandelvey the Demonspawn Skald began the quest for the
                  | Orb.
     0 | D:1      | Reached XP level 1. HP: 16/16 MP: 3/3
   142 | D:1      | Reached skill level 3 in Charms
   240 | D:1      | Gained mutation: You are surrounded by a mild repulsion
                  | field. (EV +2) [demonic ancestry]
   240 | D:1      | Reached XP level 2. HP: 16/22 MP: 5/5
   241 | D:1      | Quit the game

Levels and vault maps discovered:
D:1:      nagdon_arrival_zigzag_paths, layout_basic, cheibriados_altar_1

Skill      XL: |  1 |
---------------+----+-----
Charms         | 3 |  3.1
Fighting       | |  2.0
Polearms       | |  1.7
Armour         | |  0.8
Dodging        | |  1.8
Spellcasting   | |  2.1

Action                   || total
-------------------------++-------
Melee: Spear             ||    28
Armor: Leather armour    ||     4
Dodge: Dodged            ||    11

Table legend:
 A = Non-vault XP
 B = Vault XP
 C = Vault XP percentage of total XP
 D = Non-vault monster count
 E = Vault monster count
 F = Vault count percentage of total count
                 A         B        C        D         E       F
            +---------+---------+-------+---------+---------+-------
      Total |      13 |       0 |   0.0 |       8 |       0 |   0.0
            +---------+---------+-------+---------+---------+-------
        D:1 |      13 |       0 |   0.0 |       8 |       0 |   0.0
            +---------+---------+-------+---------+---------+-------
